 Dungeon Crawl Stone Soup version 0.26-a0-466-g989023bd0d (webtiles) character file.

Game seed: 5917519132126812992

27 bmfx the Chiller (level 2, -3/18 HPs)
             Began as a Palentonga Ice Elementalist on July 30, 2020.
             Slain by an adder (5 damage)
             ... on level 2 of the Dungeon.
             The game lasted 00:01:51 (1081 turns).

bmfx the Chiller (Palentonga Ice Elementalist)      Turns: 1081, Time: 00:01:51

Health: -3/18      AC:  4    Str:  9 (11) XL:     2   Next: 93%
Magic:  3/5        EV:  9    Int: 14 (15) God:
Gold:   82         SH:  0    Dex:  8 (10) Spells: 5/6 levels left

rFire    . . .     SeeInvis +   d - +0 mace
rCold    . . .     Faith    .   (no shield)
rNeg     . . .     Spirit   .   a - +0 robe
rPois    .         Reflect  .   (no helmet)
rElec    .         Harm     .   (no cloak)
rCorr    .         Clarity  +   (no gloves)
MR       .....                  (boots restricted)
Stlth    +.........             (no amulet)
HPRegen  0.06/turn              (no ring)
MPRegen  0.09/turn              (no ring)

@: mighty, lethally poisoned (-3 -> -12)
A: large, rugged brown scales 3, see invisible, clarity, deformed body, frail 1,
roll, armoured tail
a: Rolling Charge


You were on level 2 of the Dungeon.
You visited 1 branch of the dungeon, and saw 2 of its levels.

You collected 82 gold pieces.


Innate Abilities, Weirdness & Mutations

You are completely covered in rugged brown scales. (AC +3, +7% HP)
You have supernaturally acute eyesight. (SInv)
Armour fits poorly on your strangely shaped body.
You can roll at foes to attack.
You have a long armoured tail.
You possess an exceptional clarity of mind.
You are frail. (-10% HP)

Dungeon Overview and Level Annotations

Branches:
Dungeon (2/15)

Altars:


   Skills:
 - Level 1.5 Dodging
 - Level 1.2 Stealth
 + Level 2.7 Spellcasting
 + Level 3.7 Ice Magic


You had 5 spell levels left.
You knew the following spells:

 Your Spells              Type           Power        Failure   Level
A - Freeze                Ice            ##..         4%          1

Your spell library contained the following spells:

 Spells                   Type           Power        Failure   Level
 Frozen Ramparts          Ice            ##....       14%         3
 Ozocubu's Armour         Ice            ##......     14%         3
 Hailstorm                Conj/Ice       #.......     71%         4
 Summon Ice Beast         Ice/Summ       #.......     71%         4

Action                   || total
-------------------------++-------
Melee: Mace              ||     9
       Tailslap          ||     2
 Cast: Freeze            ||    29
  Use: Potion            ||     4
       Scroll            ||     1
Armor: Robe              ||    12
Dodge: Dodged            ||    14

Inventory:

Hand Weapons
 d - a +0 mace (weapon)
Armour
 a - a +0 robe (worn)
Jewellery
 e - an uncursed ring of see invisible {unknown}
 j - a cursed ring of teleportation {unknown}
Scrolls
 c - a scroll of amnesia
 g - a scroll of magic mapping {unknown}
 k - a scroll of fog {unknown}
Potions
 f - a potion of mutation

####### #... .#
##########.###.#
#..S@........#.#
#.####.......†.#
#.....#
#.###.....#
(......#.# #.#
###..## ####...
.# #[# #....#
##.# ## #.#
#.##.# #. #.#
#.##.# #!
#.###.##.# ##+##
#........#


You could see an adder (slow).

Vanquished Creatures
  An adder (D:2)
  2 dart slugs (D:1)
  A leopard gecko (D:1)
  3 goblins (D:1)
  A hobgoblin (D:1)
  A ball python (D:1)
  2 bats (D:1)
  A kobold (D:2)
  3 rats
15 creatures vanquished.

Levels and vault maps discovered:
D:1:      dpeg_arrival_rhombi, layout_basic
D:2:      layout_loops_corners, fedhas_altar_3, uniq_sigmund


Message History

Confirm with . or Enter, or press ? or * to list all spells.
Aiming: Freeze (safe; 4% risk of failure)
Press: ? - help, Shift-Dir - straight line, f/p - adder
Aim: an adder (heavily wounded, slow)
You freeze the adder.
The adder is severely wounded.
The adder seems to slow down.
* * * LOW HITPOINT WARNING * * *
You feel sick. The adder closely misses you.
Casting: Freeze (safe; 4% risk of failure)
Confirm with . or Enter, or press ? or * to list all spells.
Aiming: Freeze (safe; 4% risk of failure)
Press: ? - help, Shift-Dir - straight line, f/p - adder
Aim: an adder (severely wounded, slow)
You freeze the adder.
The adder is severely wounded.
The adder seems to slow down.
* * * LOW HITPOINT WARNING * * *
You feel sick. The adder bites you.
You die...

Notes
Turn   | Place    | Note
-------+----------+-------------------------------------------
     0 | D:1      | bmfx the Palentonga Ice Elementalist began the quest for
                  | the Orb.
     0 | D:1      | Reached XP level 1. HP: 13/13 MP: 3/3
   463 | D:1      | Reached XP level 2. HP: 20/20 MP: 0/5
  1070 | D:2      | Gained mutation: You have sharp toenails. [potion of
                  | mutation]
  1070 | D:2      | Gained mutation: You are frail. (-10% HP) [potion of
                  | mutation]
  1070 | D:2      | Lost mutation: You have sharp toenails. [potion of
                  | mutation]
  1070 | D:2      | Gained mutation: You possess an exceptional clarity of
                  | mind. [potion of mutation]
  1081 | D:2      | Slain by an adder
